 Dungeon Crawl Stone Soup version 0.18-a0-946-g3ac5b32 (webtiles) character file.

874 Oddball22 the Stinger (level 7, 0/50 HPs)
             Began as a Demonspawn Venom Mage on Dec 29, 2015.
             Killed by divine providence
             ... invoked by an orc priest
              (13 damage)
             ... on level 6 of the Dungeon.
             The game lasted 00:17:20 (6959 turns).

Oddball22 the Stinger (Demonspawn Venom Mage)       Turns: 6959, Time: 00:17:20

Health: 0/50       AC:  3    Str:  8    XL:     7   Next: 74%
Magic:  12/13      EV: 19    Int: 22    God:
Gold:   239        SH:  0    Dex: 20    Spells: 4 memorised, 4 levels left

rFire  . . .     SeeInvis .     n - +1 dagger (venom)
rCold  . . .     Gourm    .     a - +0 robe
rNeg   . . .     Faith    .     (no shield)
rPois  .         Spirit   .     (helmet restricted)
rElec  .         Dismiss  .     (no cloak)
rCorr  .         Reflect  .     e - +0 pair of gloves
SustAt .         Harm     .     (no boots)
MR     .....                    (no amulet)
Stlth  ++++......               h - ring of stealth
                                u - ring of flight

@: brilliant, agile, not resistant to hostile enchantments, stealthy
A: hooves 1, horns 2, powered by pain 1
a: Evoke Flight


You were on level 6 of the Dungeon.
You were hungry.

You visited 1 branch of the dungeon, and saw 6 of its levels.

You collected 239 gold pieces.

Inventory:

Hand Weapons
 k - a -3 dagger
 n - a +1 dagger of venom (weapon)
 p - a cursed -1 spear
 w - a +1 vampiric war axe
 D - a +0 vampiric short sword
Armour
 a - a +0 robe (worn)
 e - a +0 pair of gloves (worn)
 o - a +3 scale mail of poison resistance
 q - a +0 shield
Jewellery
 d - an uncursed ring of protection from fire
 h - a ring of stealth (right hand)
 j - an uncursed ring of fire
 u - a ring of flight (left hand)
Wands
 g - a wand of polymorph (24/24)
 i - a wand of magic darts (23/48)
Scrolls
 m - 2 scrolls of teleportation
 y - a scroll of fog
 B - 2 scrolls of identify
 C - a scroll of enchant armour {unknown}
Potions
 l - a potion of invisibility {unknown}
 s - a potion of curing
 t - a potion of brilliance
 v - a potion of poison
 x - a potion of berserk rage {unknown}
 z - a potion of cancellation {unknown}
 A - a potion of agility
Books
 b - a Young Poisoner's Handbook

   Spells                             Type                      Level
   a - Sting                          Conjuration/Poison           1
   b - Cure Poison                    Poison                       2
   c - Mephitic Cloud                 Conjuration/Poison/Air       3
   d - Olgreb's Toxic Radiance        Poison                       4
   e - Venom Bolt                     Conjuration/Poison           5
Comestibles
 c - 5 bread rations
 f - 6 meat rations
 r - a beef jerky


   Skills:
 + Level 2.2 Fighting
 * Level 1.2 Short Blades
 + Level 3.3 Dodging
 - Level 1.7 Stealth
 + Level 4.3 Spellcasting
 + Level 7.4 Poison Magic


You had 4 spell levels left.
You knew the following spells:

 Your Spells              Type           Power        Failure   Level  Hunger
a - Sting                 Conj/Pois      ####         1%          1    None
b - Cure Poison           Pois           ######....   1%          2    #......
c - Mephitic Cloud        Conj/Pois/Air  ####....     1%          3    ##.....
d - Olgreb's Toxic Radia  Pois           ######..     1%          4    ####...


Dungeon Overview and Level Annotations

Branches:
Dungeon (6/15)
 Temple: D:4-7

Altars:
Okawaru
Sif Muna

Shops:
D:4 }

Annotations:
D:6 P0WERM0DE's ghost, novice OpWn


Innate Abilities, Weirdness & Mutations

You have large cloven feet.
You have a pair of horns on your head.
You sometimes gain a little power by taking damage.


Message History

You feel sick.
You feel sick.
Casting: Sting
Confirm with . or Enter, or press ? or * to list all spells.
You are no longer poisoned.
The orc warrior misses you.
You closely miss the orc warrior. Your kick misses the orc warrior.
The orc warrior is heavily wounded.
The orc warrior closely misses you.
You hit the orc warrior but do no damage.
The orc warrior is poisoned.
The orc warrior is heavily wounded.
The orc warrior closely misses you.
The orc wizard casts a spell.
The orc wizard blinks!
The orc wizard mumbles some strange words.
The orc wizard blinks!
The orc priest mumbles some strange prayers to Beogh against you.
Something smites you!
You die...

...# #.##.####)......#
#..####.##..?.........#
#.......##.####.......#
#..######...#####...###
#.............##....#
..#######...#.##.####
#...............o#
#.###########..#.#
.......# #..#@#
...###.# #..#.#
#..###.#### #..#o#
#.......<.# #.(#.######
#..#......###..§o..oo.#
#..#.............####.#
.........>.....#.# #.#
#..#.....####..#.####o#
#........# #..#.....o#


You could see an orc warrior, an orc priest and an orc wizard.

Vanquished Creatures
  Duvessa (D:5)
  An ogre (D:5)
  Blork the orc (D:4)
  Dowan (D:5)
  A scorpion (D:5)
  A crimson imp (D:6)
  A jelly (D:5)
  2 orc wizards (D:5)
  An orc priest (D:3)
  Ijyb (D:2)
  Terence (D:2)
  An iguana (D:5)
  2 worker ants
  7 gnolls
  8 adders
  An ooze (D:4)
  5 giant geckos
  8 orcs
  7 bats
  5 giant cockroaches
  10 goblins
  6 hobgoblins
  A quokka (D:3)
  A giant gecko zombie (D:5)
  3 giant newts
  9 kobolds
  5 rats
91 creatures vanquished.

Vanquished Creatures (others)
  An orc (D:5)
  A plant (D:6)
2 creatures vanquished.

Grand Total: 93 creatures vanquished

Notes
Turn   | Place    | Note
--------------------------------------------------------------
     0 | D:1      | Oddball22 the Demonspawn Venom Mage began the quest for the Orb.
     0 | D:1      | Reached XP level 1. HP: 13/13 MP: 3/3
   371 | D:1      | Gained mutation: You sometimes gain a little power by taking damage. [demonic ancestry]
   371 | D:1      | Reached XP level 2. HP: 11/19 MP: 0/5
  1714 | D:2      | Noticed Ijyb
  1721 | D:2      | Killed Ijyb
  1721 | D:2      | Reached skill level 1 in Fighting
  1721 | D:2      | Gained mutation: You have large cloven feet. [demonic ancestry]
  1721 | D:2      | Reached XP level 3. HP: 26/26 MP: 4/6
  1804 | D:2      | Learned a level 2 spell: Cure Poison
  1808 | D:2      | Learned a level 3 spell: Mephitic Cloud
  1939 | D:2      | Gained mutation: You have a pair of small horns on your head. [demonic ancestry]
  1939 | D:2      | Reached XP level 4. HP: 25/32 MP: 2/7
  2157 | D:2      | Noticed Terence
  2261 | D:2      | Killed Terence
  2599 | D:2      | Found an iron altar of Okawaru.
  3361 | D:3      | Reached skill level 5 in Poison Magic
  3361 | D:3      | Gained mutation: You have a pair of horns on your head. [demonic ancestry]
  3361 | D:3      | Reached XP level 5. HP: 17/38 MP: 6/8
  4494 | D:4      | Reached XP level 6. HP: 44/44 MP: 7/10
  4554 | D:4      | Noticed Blork the orc
  4570 | D:4      | Killed Blork the orc
  4577 | D:4      | Found a deep blue altar of Sif Muna.
  4867 | D:4      | Reached skill level 6 in Poison Magic
  5088 | D:4      | Found Atzingut's Gadget Boutique.
  5323 | D:5      | Entered Level 5 of the Dungeon
  5432 | D:5      | Noticed Duvessa
  5432 | D:5      | Noticed Dowan
  5444 | D:5      | Killed Duvessa
  5459 | D:5      | Killed Dowan
  5459 | D:5      | Reached XP level 7. HP: 29/50 MP: 1/12
  5786 | D:5      | Reached skill level 7 in Poison Magic
  6138 | D:5      | Learned a level 4 spell: Olgreb's Toxic Radiance
  6308 | D:5      | Reached skill level 1 in Short Blades
  6523 | D:6      | Noticed P0WERM0DE's ghost (novice OpWn)
  6959 | D:6      | Killed from afar by an orc priest

Vault maps used:
D:1:      noname_arrival_rooms_in_the_neighbourhood
D:2:      wad_pebble_path, okawaru_metal_pillars_1_2, first_bread, uniq_terence,
          uniq_iyjb
D:3:      serial_curves, eino_curves_01, eino_curves_02, eino_curves_04,
          eino_curves_02
D:4:      tgw_sif, serial_shops, shop
D:5:      minmay_misc_feat_encased, uniq_duvessa
D:6:      kennysheep_kobold_camp

Action                   |  1- 3 |  4- 6 |  7- 9 || total
-------------------------+-------+-------+-------++-------
Melee: Unarmed           |    51 |       |       ||    51
       Dagger            |    42 |   100 |    58 ||   200
 Cast: Sting             |    51 |   132 |    27 ||   210
       Cure Poison       |       |     2 |     2 ||     4
 Abil: Evoke Flight      |       |     1 |       ||     1
  Use: Scroll            |     5 |     2 |       ||     7
       Potion            |       |     4 |     3 ||     7
 Stab: Sleeping          |     1 |     5 |     1 ||     7
  Eat: Bread ration      |     1 |       |       ||     1
       Chunk             |       |    11 |     2 ||    13
       Beef jerky        |       |       |     2 ||     2
